 Dungeon Crawl Stone Soup version 0.30.1 (webtiles) character file.

Game seed: 4760067225254335557

144 boopmooplesden the Twirler (level 5, -1/39 HPs)
             Began as a Demonspawn Gladiator on July 10, 2023.
             Slain by a gnoll
             ... wielding a +0 flail
             ... led by a gnoll bouda
              (9 damage)
             ... on level 4 of the Dungeon.
             The game lasted 00:03:35 (2146 turns).

boopmooplesden the Twirler (Demonspawn Gladiator)   Turns: 2146, Time: 00:03:36

Health: -1/39      AC:  4    Str: 16    XL:     5   Next: 5%
Magic:  5/5        EV: 18    Int:  9    God:
Gold:   119        SH:  0    Dex: 15    Spells: 4/4 levels left

rFire   + . .        a - +1 quarterstaff
rCold   + . .        (shield currently unavailable)
rNeg    . . .        b - +0 leather armour
rPois   +            c - +0 helmet
rElec   +            (no cloak)
rCorr   +            (no gloves)
SInv    .            (no boots)
Will    .....        (no amulet)
Stlth   +            (no ring)
HPRegen 0.26/turn    (no ring)
MPRegen 0.18/turn

%: no passive effects
@: agile, resistant
A: powered by pain 1, magic regeneration, demonic touch 1, high MP 1, mutation
resistance 1
a: no special abilities


You were on level 4 of the Dungeon.
You visited 1 branch of the dungeon, and saw 4 of its levels.

You collected 119 gold pieces.

Inventory:

Hand Weapons
 a - a +1 quarterstaff (weapon)
 m - a +4 club
Missiles
 d - a throwing net (quivered)
 e - a javelin
Armour
 b - a +0 leather armour (worn)
 c - a +0 helmet (worn)
Jewellery
 j - a ring of see invisible
Scrolls
 g - 2 scrolls of amnesia
 h - a scroll of identify
 k - a scroll of fear
Potions
 f - a potion of brilliance


   Skills:
 + Level 2.3 Fighting
 + Level 4.1 Staves
 + Level 1.8 Throwing
 + Level 1.3 Armour
 + Level 3.4 Dodging
 + Level 0.6 Stealth


You had 4 spell levels left.
You didn't know any spells.
Your spell library was empty.

Dungeon Overview and Level Annotations

Branches:
Dungeon (4/15)
 Temple: D:4-7

Altars:


Innate Abilities, Weirdness & Mutations

You sometimes gain a little power by taking damage.
You regenerate magic rapidly.
Your touch may inflict minor irresistible damage on your foes.
You have an increased reservoir of magic. (+10% MP)
You are somewhat resistant to further mutation.


Message History

The gnoll misses you.
The gnoll bouda struggles against the net.
The gnoll closely misses you.
You hit the gnoll bouda but do no damage.
The gnoll bouda is almost dead.
The gnoll closely misses you.
The gnoll bouda struggles against the net.
The net rips apart, and the gnoll bouda comes free!
The gnoll closely misses you.
You sock the gnoll bouda!
You kill the gnoll bouda!
The gnoll completely misses you. The gnoll misses you.
Your Staves skill increases to level 4!
You have reached level 5!
Throw: 2 throwing nets
Press: ? - help, Q - select action, (/) - cycle Shift-Dir - straight line, f - gnoll
Aim: a gnoll, wielding a +0 flail (covering ground quickly, unable to see you, 63% to hit)
You throw a throwing net. The throwing net hits the gnoll.
The gnoll is caught in the net!
The gnoll misses you.
You thump the gnoll!
The gnoll is severely wounded.
The gnoll struggles against the net. x2
You sock the orc!
You kill the orc!
The gnoll closely misses you.
The gnoll struggles against the net. x2
You sock the gnoll!
The gnoll is severely wounded.
The gnoll is no longer moving quickly.
The orc barely misses you. The gnoll hits you with a +0 whip.
* * * LOW HITPOINT WARNING * * *
The gnoll struggles against the net.
The gnoll is no longer moving quickly.
The gnoll struggles against the net.
The net rips apart, and the gnoll comes free!
You flicker for a moment.
The gnoll closely misses you.
The gnoll is no longer moving quickly.
You flicker back into view.
The gnoll attacks as you move away! The gnoll hits you with a +0 flail!
You die...

## ..
####.###.#
#.@......#
#g##.###.#
###g##.#
#.g....###.
#..g.......
#.oo..#####
#...).#
#...).#
#####.#
#+##


You could see 4 gnolls and 2 orcs.

Vanquished Creatures
  A gnoll bouda (D:4)
  Jessica (D:2)
  3 adders
  10 orcs
  5 endoplasms
  3 giant cockroaches
  2 goblins
  4 hobgoblins (D:2)
  3 kobolds
  2 quokkas (D:2)
  8 ball pythons
  4 bats
  A frilled lizard (D:2)
  3 rats
50 creatures vanquished.

Notes
Turn   | Place    | Note
-------+----------+-------------------------------------------
     0 | D:1      | boopmooplesden the Demonspawn Gladiator began the quest for
                  | the Orb.
     0 | D:1      | Reached XP level 1. HP: 16/16 MP: 1/1
   320 | D:1      | Reached skill level 3 in Staves
   466 | D:1      | Gained mutation: You regenerate magic rapidly. [demonic
                  | ancestry]
   466 | D:1      | Reached XP level 2. HP: 22/22 MP: 2/2
   948 | D:2      | Gained mutation: Your touch may inflict minor irresistible
                  | damage on your foes. [demonic ancestry]
   948 | D:2      | Reached XP level 3. HP: 26/27 MP: 3/3
  1169 | D:2      | Noticed Jessica
  1173 | D:2      | Killed Jessica
  1174 | D:2      | Reached skill level 1 in Armour
  1402 | D:2      | Gained mutation: You sometimes gain a little power by
                  | taking damage. [demonic ancestry]
  1402 | D:2      | Reached XP level 4. HP: 33/33 MP: 4/4
  1508 | D:2      | Found a faded altar of an unknown god.
  2119 | D:4      | Gained mutation: You have an increased reservoir of magic.
                  | (+10% MP) [potion of mutation]
  2119 | D:4      | Gained mutation: You are somewhat resistant to further
                  | mutation. [potion of mutation]
  2135 | D:4      | Reached skill level 4 in Staves
  2135 | D:4      | Reached XP level 5. HP: 8/39 MP: 5/5
  2146 | D:4      | Slain by a gnoll

Illustrated notes

Levels and vault maps discovered:
D:1:      evilmike_arrival_rings, layout_basic, minmay_unequal
D:2:      layout_basic, shapermc_ecumenical_altar_ellora,
          amcnicky_mini_pool_small, nicolae_eternal_life, uniq_jessica
D:3:      layout_rooms
D:4:      layout_loops_corners, minmay_temple_entry_ruins,
          kennysheep_generic_room_14, uniq_edmund

Skill      XL: |  1  2  3  4 |
---------------+-------------+-----
Staves         | 3 4 |  4.1
Dodging        | 3 |  3.4
Armour         | 1 |  1.3
Fighting       | |  2.3
Throwing       | |  1.8
Stealth        | |  0.6

Action                     |  1- 3 |  4- 6 || total
---------------------------+-------+-------++-------
  Melee: Quarterstaff      |    85 |    87 ||   172
  Throw: Throwing net      |       |     2 ||     2
    Use: Scroll            |     4 |     3 ||     7
         Potion            |       |     4 ||     4
   Stab: Sleeping          |     2 |       ||     2
         Invisible         |       |     3 ||     3
         Held in net/web   |       |     2 ||     2
 Armour: Leather armour    |    21 |    29 ||    50
  Dodge: Dodged            |    73 |    85 ||   158
